 Dungeon Crawl Stone Soup version 0.22-a0-553-g9358b0b (webtiles) character file.

1687 inc the Chiller (level 9, -6/58 HPs)
             Began as an Octopode Ice Elementalist on June 25, 2018.
             Was an Initiate of Gozag.
             Shot with an arrow by a centaur (16 damage)
             ... on level 7 of the Dungeon.
             The game lasted 00:13:36 (8489 turns).

inc the Chiller (Octopode Ice Elementalist)         Turns: 8489, Time: 00:13:37

Health: -6/58      AC:  1    Str: 10    XL:     9   Next: 2%
Magic:  8/14       EV: 13    Int: 20    God:    Gozag
Gold:   278        SH:  0    Dex: 13    Spells: 1/15 levels left

rFire    . . .     SeeInvis .   b - +3 whip (freeze)
rCold    . . .     Gourm    .   (no shield)
rNeg     . . .     Faith    .   (helmet restricted)
rPois    .         Spirit   .   w - amulet of harm
rElec    .         Reflect  .   i - ring of protection from magic
rCorr    .         Harm     +   n - +3 ring of strength
MR       +....                  (no ring)
Stlth    +++.......             (no ring)
HPRegen  0.19/turn              (no ring)
MPRegen  0.14/turn              (no ring)
                                (no ring)
                                (no ring)

@: no status effects
A: almost no armour, stealthy swim, amphibious, 8 rings, constrict 8, camouflage
1, gelatinous body 1
a: Potion Petition, Call Merchant, Bribe Branch, Renounce Religion


You were on level 7 of the Dungeon.
You worshipped Gozag.
Gozag was aware of your devotion.
You were full.

You visited 2 branches of the dungeon, and saw 8 of its levels.

You collected 378 gold pieces.
You paid 100 gold pieces to Gozag.

Inventory:

Hand Weapons
 a - a +0 dagger
 b - a +3 whip of freezing (weapon)
 e - a -2 hand axe
 g - a +0 short sword
Jewellery
 h - an uncursed amulet of faith
 i - a ring of protection from magic (left tentacle)
 n - a +3 ring of strength (right tentacle)
 w - an amulet of harm (around mantle)
Wands
 j - a wand of clouds (7)
 l - a wand of iceblast (11)
 s - a wand of disintegration (16)
Scrolls
 f - 4 scrolls of remove curse
 k - a scroll of amnesia
 p - 2 scrolls of teleportation
 r - a scroll of fog
 t - 2 scrolls of identify
Potions
 d - 6 potions of curing
 m - a potion of resistance {unknown}
 o - a potion of brilliance {unknown}
 v - a potion of berserk rage {unknown}
Comestibles
 c - 5 rations


   Skills:
 - Level 3.8 Fighting
 - Level 2.0 Dodging
 - Level 2.6 Stealth
 - Level 3.6 Spellcasting
 - Level 6.0 Conjurations
 + Level 4.6 Summonings
 - Level 6.6 Ice Magic


You had one spell level left.
You knew the following spells:

 Your Spells              Type           Power        Failure   Level  Hunger
a - Freeze                Ice            ####         1%          1    None
b - Ozocubu's Armour      Chrm/Ice       ###.....     10%         3    ###....
c - Throw Frost           Conj/Ice       ####..       1%          2    ##.....
d - Throw Icicle          Conj/Ice       ####....     10%         4    ####...
e - Summon Ice Beast      Ice/Summ       ####....     13%         4    ####...

Your spell library contained the following spells:

 Spells                   Type           Power        Failure   Level  Hunger


Dungeon Overview and Level Annotations

Branches:
Dungeon (7/15)             Temple (1/1) D:6

Altars:
Ashenzari
Cheibriados
Dithmenos
Elyvilon
Fedhas
Gozag
Hepliaklqana
Kikubaaqudgha
Makhleb
Nemelex Xobeh
Okawaru
Qazlal
Ru
Sif Muna
Trog
Uskayaw
Vehumet
Wu Jian
Xom
Yredelemnul
Zin
The Shining One

Annotations:
D:3 3 runed doors, Anon1729's ghost, amateur HOMo; vierth's ghost, amateur MiFi
D:5 Dowan; Duvessa
D:6 Sigmund


Innate Abilities, Weirdness & Mutations

You cannot wear most types of armour.
You are very stealthy in the water. (Stealth+)
You are amphibious.
You can wear up to eight rings at the same time.
You can use your tentacles to constrict eight enemies at once.
Your skin changes colour to match your surroundings (Stealth+).
Your rubbery body absorbs attacks. (AC +1, EV +1)


Message History

Unknown command.
You swap places.
The centaur shoots an arrow.
The arrow barely misses your ice beast. The arrow misses you.
You see here an arrow.
Unknown command.
What are your orders? t - Shout!
Orders for allies: a - Attack new target. r - Retreat! s - Stop attacking. g - Guard the area. f - Follow me.
Anything else - Cancel.
Gang up on whom?
Press: ? - help, Dir - move target cursor, f - centaur
Aim: a centaur, wielding a shortbow Attack!
The centaur shoots an arrow.
The arrow hits your ice beast!
The centaur shoots an arrow.
The arrow closely misses your ice beast.
The arrow hits you!
You die...
Your body crumbles into a pile of gold.

.....##.# .
... #.# ..
###.#
#c###...#
#...c.###
#####.# #.#
####c#######.#
#....(Y@.....#
#.##.#..####.#
#$ #.#..#
#..!...
###.<##. #...
.> ..### # ###


You could see a centaur and a friendly ice beast.

Vanquished Creatures
  Pikel (D:4)
  A water moccasin (D:5)
  A sky beast (D:6)
  A necrophage (D:5)
  A centaur (D:6)
  A bullfrog (D:6)
  A scorpion (D:4)
  A killer bee (D:7)
  A crimson imp (D:5)
  A bullfrog zombie (D:5)
  A centaur zombie (D:7)
  2 hounds
  A bullfrog skeleton (D:6)
  2 orc priests
  4 orc wizards
  An iguana (D:4)
  4 worker ants
  A hound zombie (D:7)
  A howler monkey skeleton (D:6)
  12 adders
  A shadow imp (D:5)
  2 oozes (D:1)
  An adder skeleton (D:4)
  An adder zombie (D:5)
  2 worms (D:2)
  3 dart slugs
  4 leopard geckos
  9 orcs
  5 giant cockroaches
  2 goblins
  7 hobgoblins
  6 jackals
  4 quokkas
  9 bats
  7 frilled lizards
  A jackal skeleton (D:5)
  7 kobolds
  A quokka zombie (D:5)
  8 rats
119 creatures vanquished.

Vanquished Creatures (others)
  3 withered plants (D:3)
3 creatures vanquished.

Grand Total: 122 creatures vanquished

Notes
Turn   | Place    | Note
-------+----------+-------------------------------------------
     0 | D:1      | inc the Octopode Ice Elementalist began the quest for the Orb.
     0 | D:1      | Reached XP level 1. HP: 11/11 MP: 3/3
    94 | D:1      | Reached skill level 1 in Fighting
    94 | D:1      | Reached XP level 2. HP: 9/18 MP: 0/5
   771 | D:1      | Reached XP level 3. HP: 25/25 MP: 6/6
  1637 | D:2      | Learned a level 2 spell: Throw Frost
  1850 | D:2      | Reached XP level 4. HP: 19/32 MP: 0/7
  2804 | D:3      | Reached XP level 5. HP: 24/37 MP: 0/8
  3178 | D:3      | Found a runed gate.
  3180 | D:3      | Found a runed gate.
  3182 | D:3      | Found a runed gate.
  3182 | D:3      | Noticed Anon1729's ghost (amateur HOMo)
  3186 | D:3      | Noticed vierth's ghost (amateur MiFi)
  3339 | D:3      | Found a burning altar of Makhleb.
  3473 | D:3      | Found a hazy altar of Hepliaklqana.
  3474 | D:3      | Found a sparkling altar of Nemelex Xobeh.
  3632 | D:3      | Found a bloodstained altar of Trog.
  3771 | D:3      | Reached XP level 6. HP: 42/43 MP: 0/9
  3775 | D:3      | Found a basalt altar of Yredelemnul.
  4986 | D:4      | Noticed Pikel
  4987 | D:4      | Noticed a slave
  4987 | D:4      | Noticed a slave
  4987 | D:4      | Noticed a slave
  4990 | D:4      | Noticed a slave
  5320 | D:4      | Killed Pikel
  5320 | D:4      | Reached skill level 5 in Conjurations
  5320 | D:4      | Reached XP level 7. HP: 47/47 MP: 4/10
  5439 | D:5      | Entered Level 5 of the Dungeon
  5449 | D:5      | Reached XP level 8. HP: 46/54 MP: 11/11
  5459 | D:5      | Learned a level 4 spell: Throw Icicle
  5474 | D:5      | Noticed Duvessa
  5496 | D:5      | Noticed Dowan
  5719 | D:5      | Found a sacrificial altar of Ru.
  6756 | D:6      | Learned a level 3 spell: Ozocubu's Armour
  7009 | D:6      | Found a staircase to the Ecumenical Temple.
  7014 | Temple   | Entered the Ecumenical Temple
  7064 | Temple   | Became a worshipper of Gozag Ym Sagoz the Greedy
  7281 | D:6      | Found a shimmering altar of Xom.
  7489 | D:6      | Learned a level 4 spell: Summon Ice Beast
  7523 | D:6      | Reached skill level 1 in Summonings
  8082 | D:6      | Found a shattered altar of Ashenzari.
  8100 | D:6      | Found a glowing golden altar of the Shining One.
  8205 | D:6      | Noticed Sigmund
  8389 | D:7      | Noticed a shadow
  8474 | D:7      | Reached XP level 9. HP: 51/58 MP: 10/14
  8489 | D:7      | Shot with an arrow by a centaur

Vault maps used:
D:1:      evilmike_arrival_hilbert_curve
D:2:      mumra_celtic_spiral_tile, first_ration
D:3:      lemuel_crystal_altar, makhleb_blood_cavern_becter,
          lemuel_doored_altar, gammafunk_temple_overflow_pools,
          gammafunk_ghost_cemetery, minmay_misc_feat_four_crosses
D:4:      uniq_pikel
D:5:      nicolae_ru_awakened_eye, uniq_duvessa
D:6:      lemuel_round_altar, tgw_xom, overflow_temple_1_default,
          temple_doors_ab, uniq_sigmund
D:7:      hangedman_cross_stitches, chequers_ossuary_entry_cave,
          grunt_livestock, kennysheep_generic_room_10
Temple:   nicolae_temple_figure_eight

Skill      XL: |  1  2  3  4  5  6  7  8 |
---------------+-------------------------+-----
Fighting       | 1 2 3 |  3.8
Conjurations   | 2 5 6 |  6.0
Ice Magic      | 4 6 |  6.6
Spellcasting   | 3 |  3.6
Summonings     | 4 |  4.6
Dodging        | |  2.0
Stealth        | |  2.6

Action                   |  1- 3 |  4- 6 |  7- 9 || total
-------------------------+-------+-------+-------++-------
Melee: Dagger            |    46 |     1 |       ||    47
       Constrict         |    14 |    21 |    21 ||    56
       Tentacles         |     6 |     4 |    18 ||    28
       Short sword       |    17 |    81 |       ||    98
       Unarmed           |       |    11 |       ||    11
       Whip              |       |       |    72 ||    72
 Cast: Freeze            |    21 |    31 |    35 ||    87
       Throw Frost       |     3 |    35 |    19 ||    57
       Ozocubu's Armour  |       |       |     3 ||     3
       Throw Icicle      |       |       |     3 ||     3
       Summon Ice Beast  |       |       |     1 ||     1
  Use: Scroll            |       |     4 |     7 ||    11
       Potion            |       |     1 |       ||     1
 Stab: Sleeping          |     9 |    11 |     4 ||    24
  Eat: Chunk             |     2 |    12 |     6 ||    20
       Ration            |       |     1 |     3 ||     4
Armor: Skin              |     7 |    17 |     2 ||    26
Dodge: Dodged            |    41 |    55 |    55 ||   151

Table legend:
 A = Spawn XP
 B = Non-spawn XP
 C = Spawn XP percentage of total XP
 D = Spawn monster count
 E = Non-spawn monster count
 F = Spawn count percentage of total count
 G = Total turns spent on level
                    A         B        C        D         E        F      G
               +---------+---------+-------+---------+---------+-------+---------
         Total |       0 |    2411 |   0.0 |       0 |     119 |   0.0 |  8489
               +---------+---------+-------+---------+---------+-------+---------
           D:1 |       0 |      54 |   0.0 |       0 |      24 |   0.0 |  1341
           D:2 |       0 |      64 |   0.0 |       0 |      20 |   0.0 |  1544
           D:3 |       0 |     241 |   0.0 |       0 |      29 |   0.0 |  1418
           D:4 |       0 |     894 |   0.0 |       0 |      15 |   0.0 |  1422
           D:5 |       0 |     429 |   0.0 |       0 |      13 |   0.0 |   987
           D:6 |       0 |     558 |   0.0 |       0 |      13 |   0.0 |  1503
           D:7 |       0 |     171 |   0.0 |       0 |       5 |   0.0 |    63
               +---------+---------+-------+---------+---------+-------+---------
